 Dungeon Crawl Stone Soup version 0.17.3-4-g93a25c67f4 (webtiles) character file.

3472 BrokenGlass the Prestidigitator (level 9, -10/79 HPs)
             Began as a Red Draconian Wanderer on Apr 19, 2023.
             Was a Priest of Makhleb.
             Mangled by a wyvern (13 damage)
             ... on level 9 of the Dungeon.
             The game lasted 00:36:59 (10326 turns).

BrokenGlass the Prestidigitator (DrWn)             Turns: 10326, Time: 00:36:59

Health: -10/79     AC:  7    Str: 17    XL:     9   Next: 79%
Magic:  16/16      EV: 11    Int: 12    God:    Makhleb [***...]
Gold:   59         SH:  0    Dex: 16    Spells: 0 memorised, 10 levels left

rFire  + . .     SeeInvis .     a - +1 trident (flame)
rCold  . . .     Clarity  .     (armour unavailable)
rNeg   . . .     SustAt   .     (no shield)
rPois  +         Gourm    .     (helmet restricted)
rElec  .         Spirit   .     (no cloak)
rCorr  .         Warding  .     (no gloves)
rMut   .         Stasis   .     (no boots)
MR     .....                    (no amulet)
Stlth  +.........               r - ring of poison resistance
                                y - +4 ring of dexterity

@: short of breath, not resistant to hostile enchantments, very unstealthy
A: breathe fire, unfitting armour, fire resistance 1, cold-blooded, AC +7
a: Breathe Fire, Minor Destruction, Lesser Servant of Makhleb, Renounce Religion


You were on level 9 of the Dungeon.
You worshipped Makhleb.
Makhleb was most pleased with you.
You were hungry.

You visited 1 branch of the dungeon, and saw 9 of its levels.
You also visited: Ossuary.

You collected 59 gold pieces.

Inventory:

Hand Weapons
 a - a +1 trident of flaming (weapon)
 b - a +0 hand crossbow
 e - a +0 short sword
Missiles
 c - 3 bolts
 m - 20 sling bullets of flame
Magical Staves
 q - an uncursed staff of wizardry {unknown}
Jewellery
 i - an uncursed ring of fire
 n - a +3 ring of protection
 r - a ring of poison resistance (right hand)
 u - an uncursed ring of protection from magic
 y - a +4 ring of dexterity (left hand)
Wands
 h - a wand of frost (12)
 C - a wand of invisibility (0)
Scrolls
 f - a scroll of magic mapping
 g - 3 scrolls of noise
 j - 2 scrolls of recharging
 k - a scroll of fear
 o - 2 scrolls of fog
 p - 4 scrolls of identify
 t - 4 scrolls of remove curse
 w - 4 scrolls of enchant armour
 F - a scroll of blinking {unknown}
Potions
 l - a potion of poison
 s - 3 potions of brilliance
 B - a potion of mutation
 E - 2 potions of cancellation
Books
 d - Iskenderun's Incunabulum of Poisonous Confrontation

   Spells                             Type                      Level
   a - Sting                          Conjuration/Poison           1
   b - Mephitic Cloud                 Conjuration/Poison/Air       3
 x - a book of the Dragon

   Spells                             Type                      Level
   a - Flame Tongue                   Conjuration/Fire             1
   b - Cause Fear                     Hexes                        4
   c - Bolt of Fire                   Conjuration/Fire             6
   d - Dragon Form                    Transmutation                7
   e - Dragon's Call                  Summoning                    9
Miscellaneous
 G - a crystal ball of energy
Comestibles
 z - a slice of pizza
 A - a meat ration


   Skills:
 - Level 7.3 Fighting
   Level 3.0 Axes
 - Level 1.0 Spellcasting
   Level 1.0 Necromancy
   Level 0.7 Ice Magic
 * Level 9.2 Invocations
 - Level 9.4 Evocations


You had 10 spell levels left.
You didn't know any spells.

Dungeon Overview and Level Annotations

Branches:
Dungeon (9/15)             Temple (0/1) D:4            Lair (0/8) D:9
    Orc: D:9-12

Altars:
Cheibriados
Gozag
Makhleb
Okawaru
Qazlal
Sif Muna
The Shining One


Innate Abilities, Weirdness & Mutations

You can breathe blasts of fire.
Your fiery red scales are hard (AC +7).
Your body does not fit into most forms of armour.
Your flesh is heat resistant.
You are cold-blooded and may be slowed by cold attacks.


Message History

Unknown command.
Unknown command.
Drink which item? (? for menu, Esc to quit)
Okay, then.
Unknown command.
Unknown command.
Drink which item? (? for menu, Esc to quit)
You feel better. The warg bites you!
* * * LOW HITPOINT WARNING * * *
Unknown command.
Unknown command.
The wyvern bites you!
* * * LOW HITPOINT WARNING * * *
Unknown command.
Unknown command.
Unknown command.
An orc comes into view. It is wielding a mace.
Unknown command.
The wyvern bites you!
You die...

#..# ###.....#..###..#.
#####..# ##....#.##
##.#. #......# #.#....##
#... #.##..## #...<...#
###. #.####
############... ##.#.###
#...####.##.## ##..#..#
#...).)..##)##
#...o#####..###.#..#...#
#..)#h.#@....# #....####
####..##l##.##..######
#..#.##.o.# .#
#ยง)#..#.# .. #...#.. ..
#. #.#.##. ##. . #.##..#
.. #. .# .. # .# ###


You could see a wyvern and an orc.

Vanquished Creatures
  Grinder (D:5)
  A deep elf mage (D:9)
  Eustachio (D:5)
  A hippogriff (D:8)
  2 ice beasts (D:5)
  A water moccasin (D:8)
  A black bear (D:7)
  An orc warrior (D:9)
  2 phantoms
  3 centaurs
  6 ogres
  A giant frog (D:7)
  4 killer bees (D:9)
  2 crimson imps (D:9)
  4 bog bodies
  3 jellies
  2 orc priests (D:9)
  A quasit (D:8)
  A giant frog zombie (D:8)
  2 hounds
  A giant frog skeleton (D:9)
  An iguana (D:5)
  4 orc wizards
  Terence (D:2)
  6 worker ants
  A killer bee zombie (D:9)
  2 hound skeletons (D:7)
  3 mummies
  A worker ant zombie (Ossuary)
  10 adders
  4 gnolls (D:3)
  3 shadow imps
  4 oozes
  An adder zombie (Ossuary)
  3 worms
  2 giant geckos
  19 orcs
  3 giant cockroaches
  8 goblins
  15 hobgoblins
  8 jackals
  5 quokkas
  3 ball pythons
  17 bats
  2 giant gecko skeletons
  8 giant newts
  A goblin zombie (D:5)
  7 kobolds
  An orc zombie (D:5)
  2 quokka skeletons
  10 rats
196 creatures vanquished.

Vanquished Creatures (others)
  An orc (D:9)
  2 plants (Ossuary)
3 creatures vanquished.

Grand Total: 199 creatures vanquished

Notes
Turn   | Place    | Note
--------------------------------------------------------------
     0 | D:1      | BrokenGlass the Draconian Wanderer began the quest for the Orb.
     0 | D:1      | BrokenGlass set off with: a wand of frost (15), a +0 hand crossbow, 26 bolts, Iskenderun's Incunabulum of Poisonous Confrontation, a bread ration
     0 | D:1      | Reached XP level 1. HP: 17/17 MP: 2/2
    47 | D:1      | Reached XP level 2. HP: 21/26 MP: 3/3
   155 | D:1      | Identified Iskenderun's Incunabulum of Poisonous Confrontation
   610 | D:1      | HP: 1/27 [hobgoblin/club (6)]
   697 | D:1      | HP: 1/27 [hobgoblin/club (5)]
   743 | D:1      | Reached XP level 3. HP: 6/33 MP: 4/4
  1007 | D:1      | Reached skill level 4 in Fighting
  1516 | D:2      | Found a glowing golden altar of the Shining One.
  1886 | D:2      | Reached XP level 4. HP: 32/41 MP: 5/5
  1992 | D:2      | Reached skill level 5 in Fighting
  2266 | D:2      | Noticed Terence
  2298 | D:2      | HP: 2/42 [Terence/trident of flaming (2)]
  2301 | D:2      | Killed Terence
  2718 | D:2      | Found a glowing golden altar of the Shining One.
  3100 | D:3      | Reached XP level 5. HP: 50/50 MP: 6/6
  3255 | D:3      | Reached skill level 6 in Fighting
  3922 | D:3      | Found a burning altar of Makhleb.
  3936 | D:3      | Became a worshipper of Makhleb the Destroyer
  3994 | D:3      | Reached skill level 7 in Fighting
  3994 | D:3      | Reached XP level 6. HP: 36/60 MP: 7/7
  4255 | D:4      | Found a staircase to the Ecumenical Temple.
  4759 | D:4      | Reached * piety under Makhleb
  5006 | D:5      | Entered Level 5 of the Dungeon
  5084 | D:5      | Found a snail-covered altar of Cheibriados.
  5094 | D:5      | Noticed Grinder
  5099 | D:5      | Paralysed by Grinder for 6 turns
  5260 | D:5      | Killed Grinder
  5260 | D:5      | Reached skill level 5 in Evocations
  5260 | D:5      | Your scales start taking on a fiery red colour.
  5260 | D:5      | Gained mutation: Your flesh is heat resistant. [Red Draconian growth]
  5260 | D:5      | Reached XP level 7. HP: 50/66 MP: 10/10
  5500 | D:5      | Noticed Eustachio
  5525 | D:5      | Killed Eustachio
  5535 | D:5      | Reached XP level 8. HP: 36/73 MP: 13/13
  5540 | D:5      | Found a sand-covered staircase.
  5565 | Ossuary  | Entered an ossuary
  5977 | D:5      | Found an iron altar of Okawaru.
  5980 | D:5      | Found an opulent altar of Gozag.
  5983 | D:5      | Found a deep blue altar of Sif Muna.
  6069 | D:5      | Reached skill level 8 in Evocations
  6134 | D:5      | Reached ** piety under Makhleb
  7221 | D:7      | Reached skill level 9 in Evocations
  8199 | D:7      | Reached XP level 9. HP: 79/79 MP: 16/16
  8383 | D:8      | Reached skill level 5 in Invocations
  9855 | D:9      | Found a burning altar of Makhleb.
  9855 | D:9      | Found a stormy altar of Qazlal.
  9874 | D:9      | Found a staircase to the Lair.
 10025 | D:9      | Reached *** piety under Makhleb
 10324 | D:9      | HP: 2/79 [wyvern (10)]
 10326 | D:9      | Mangled by a wyvern

Action                   |  1- 3 |  4- 6 |  7- 9 || total
-------------------------+-------+-------+-------++-------
Melee: Unarmed           |     6 |     8 |    11 ||    25
       Short sword       |   110 |    40 |       ||   150
       Trident           |       |   166 |   302 ||   468
 Fire: Hand crossbow     |    47 |    47 |     7 ||   101
Throw: Stone             |       |     2 |       ||     2
Invok: Minor Destruction |       |       |     6 ||     6
 Abil: Breathe Fire      |       |       |    26 ||    26
Evoke: Wand              |       |     2 |     2 ||     4
  Use: Potion            |     1 |     4 |     6 ||    11
       Scroll            |       |     7 |     6 ||    13
 Stab: Sleeping          |       |     2 |     3 ||     5
       Invisible         |       |       |     3 ||     3
  Eat: Chunk             |     3 |     3 |     4 ||    10
       Bread ration      |       |     1 |     2 ||     3
       Meat ration       |       |     1 |     1 ||     2
       Fruit             |       |       |     2 ||     2
